 Dungeon Crawl Stone Soup version 0.18.1-50-g88ac8fd (webtiles) character file.

79 Gargoyl the Skirmisher (level 4, 0/35 HPs)
             Began as a Demonspawn Abyssal Knight on Sept 18, 2016.
             Was a Believer of Lugonu.
             Succumbed to an adder's poison
             ... on level 2 of the Dungeon.
             The game lasted 00:04:05 (2247 turns).

Gargoyl the Skirmisher (Demonspawn Abyssal Knight)  Turns: 2247, Time: 00:04:06

Health: 0/35       AC:  3    Str: 12 (14) XL:     4   Next: 16%
Magic:  6/6        EV: 14    Int: 11 (13) God:    Lugonu [**....]
Gold:   57         SH:  0    Dex: 10 (12) Spells: 0 memorised, 3 levels left

rFire  + . .     SeeInvis .     l - +0 hand axe (flame)
rCold  . . .     Gourm    .     b - +0 leather armour
rNeg   . . .     Faith    .     (no shield)
rPois  .         Spirit   .     (no helmet)
rElec  .         Dismiss  .     (no cloak)
rCorr  .         Reflect  .     (no gloves)
SustAt .         Harm     .     (no boots)
MR     .....                    (no amulet)
Stlth  +.........               (no ring)
                                g - +1 ring of evasion

@: lethally poisoned (0 -> -2), not resistant to hostile enchantments, very
unstealthy
A: repulsion field 1, demonic guardian 1, fire resistance 1
a: Depart the Abyss, Bend Space, Renounce Religion


You were on level 2 of the Dungeon.
You worshipped Lugonu.
Lugonu was pleased with you.
You were hungry.

You visited 1 branch of the dungeon, and saw 2 of its levels.
You visited the Abyss 1 time.

You collected 57 gold pieces.

Inventory:

Hand Weapons
 a - a +1 hand axe
 l - a +0 hand axe of flaming (weapon)
Armour
 b - a +0 leather armour (worn)
Jewellery
 g - a +1 ring of evasion (left hand)
Scrolls
 e - a scroll of noise {unknown}
 f - a scroll of identify
 i - a scroll of remove curse {unknown}
 j - a scroll of teleportation
Comestibles
 c - 4 bread rations
 m - a beef jerky


   Skills:
 + Level 3.5 Fighting
 + Level 2.0 Axes
 + Level 2.4 Armour
 + Level 2.0 Dodging
 + Level 0.6 Stealth
 + Level 2.9 Invocations


You had 3 spell levels left.
You didn't know any spells.

Dungeon Overview and Level Annotations

Branches:
Dungeon (2/15)

Altars:
Okawaru


Innate Abilities, Weirdness & Mutations

You are surrounded by a mild repulsion field (EV +2).
A weak demonic guardian rushes to your aid.
Your flesh is heat resistant.


Message History

You barely miss the goblin. The goblin hits you but does no damage.
You hit the goblin. You burn the goblin.
You kill the goblin!
Lugonu accepts your kill.
* * * LOW HITPOINT WARNING * * *
You feel sick.
The kobold throws a stone.
The stone misses you. The stone misses your quasit.
Your quasit disappears in a puff of smoke!
The kobold hits you but does no damage.
Items here: $ ) = ††† You slash the kobold!
You burn the kobold.
You kill the kobold!
Lugonu accepts your kill. The adder closely misses you.
You hit the adder. You burn the adder.
The adder is moderately wounded.
The adder closely misses you.
You hit the adder. You burn the adder.
The adder is heavily wounded.
You die...

#..######.######
#.. #.# #(# #.#
#.# #.# #.# #.#
#@# #S#
..#.###r####...
#..............
#..............
#............##
#............#
#............#
#............#


You could see an adder and a rat.

Vanquished Creatures
  4 adders (D:2)
  2 worms (D:2)
  A dart slug (D:1)
  A giant gecko (D:2)
  3 bats
  A giant cockroach (D:2)
  4 goblins
  6 hobgoblins
  2 ball pythons (D:1)
  2 giant newts
  7 kobolds
  2 rats (D:2)
35 creatures vanquished.

Notes
Turn   | Place    | Note
--------------------------------------------------------------
     0 | Abyss:1  | Gargoyl the Demonspawn Abyssal Knight began the quest for the Orb.
     0 | Abyss:1  | Reached XP level 1. HP: 18/18 MP: 2/2
    51 | Abyss:1  | Noticed an apocalypse crab
   135 | Abyss:1  | Noticed a hellwing
   155 | D:1      | Escaped the Abyss
   469 | D:1      | Reached * piety under Lugonu
   495 | D:1      | Found an iron altar of Okawaru.
   501 | D:1      | Gained mutation: A weak demonic guardian rushes to your aid. [demonic ancestry]
   501 | D:1      | Reached XP level 2. HP: 8/24 MP: 3/3
   728 | D:1      | Reached skill level 1 in Dodging
  1406 | D:2      | Gained mutation: You are surrounded by a mild repulsion field (EV +2). [demonic ancestry]
  1406 | D:2      | Reached XP level 3. HP: 11/29 MP: 5/5
  1887 | D:2      | HP: 1/29 [adder (1)]
  2222 | D:2      | Reached ** piety under Lugonu
  2222 | D:2      | Gained mutation: Your flesh is heat resistant. [demonic ancestry]
  2222 | D:2      | Reached XP level 4. HP: 26/35 MP: 6/6
  2240 | D:2      | HP: 1/35 [adder (3)]
  2247 | D:2      | Succumbed to an adder's poison

Skill      XL: |  1  2  3 |
---------------+----------+-----
Armour         | 2 |  2.4
Dodging        | 1 2 |  2.0
Axes           | 2 |  2.0
Fighting       | |  3.5
Stealth        | |  0.6
Invocations    | |  2.9

Action                   |  1- 3 |  4- 6 || total
-------------------------+-------+-------++-------
Melee: Hand axe          |   114 |    24 ||   138
Invok: Depart the Abyss  |     1 |       ||     1
  Use: Scroll            |     2 |       ||     2
       Potion            |     4 |       ||     4
  Eat: Chunk             |     4 |       ||     4
Armor: Leather armour    |    30 |     5 ||    35
Dodge: Dodged            |    98 |    20 ||   118
